 Dungeon Crawl Stone Soup version 0.28-a0-1524-ge72afd5fc6 (webtiles) character file.

Game seed: 5280209172579676570

5216 sbbq2022 the Destroyer (level 10, 0/61 (62) HPs)
             Began as an Octopode Conjurer on Jan 17, 2022.
             Was a Believer of Hepliaklqana.
             Killed by divine providence
             ... invoked by an orc priest
              (13 damage)
             ... on level 9 of the Dungeon.
             The game lasted 00:21:17 (15534 turns).

sbbq2022 the Destroyer (Octopode Conjurer)         Turns: 15534, Time: 00:21:17

HP:   0/61 (62)     AC:  2    Str:  6    XL:     10   Next: 61%
MP:   6/19          EV: 15    Int: 26    God:    Hepliaklqana [**....]
Gold: 439           SH:  5    Dex: 10    Spells: 17/22 levels left

rFire   . . .      SeeInvis .   t - +0 spear (venom)
rCold   . . .      Faith    .   (no shield)
rNeg    . . .      Spirit   .   r - +1 hat
rPois   .          Reflect  +   s - amulet of reflection
rElec   .          Harm     .   (no ring)
rCorr   .          Rampage  .   (no ring)
Will    .....                   (no ring)
Stlth   +++.......              (no ring)
HPRegen 0.20/turn               (no ring)
MPRegen 0.16/turn               (no ring)
                                (no ring)
                                (no ring)

@: lethally poisoned (0 -> -1), lightly drained
A: reduced essence, almost no armour, amphibious, 8 rings, camouflage 1,
gelatinous body 1, (nimble swimmer 1), tentacles
a: Renounce Religion, Ancestor Life: Knight, Ancestor Life: Battlemage, Ancestor
Life: Hexer, Recall Ancestor, Ancestor Identity


You were on level 9 of the Dungeon.
You worshipped Hepliaklqana.
Hepliaklqana was pleased with you.
You visited 2 branches of the dungeon, and saw 10 of its levels.

You collected 535 gold pieces.
You spent 96 gold pieces at shops.

Inventory:

Hand Weapons
 a - a +0 dagger of speed
 n - a +2 flail of protection
 t - a +0 spear of venom (weapon)
Missiles
 q - 2 throwing nets
Armour
 r - a +1 hat (worn)
Jewellery
 s - an amulet of reflection (around mantle)
 u - a ring of flight
 B - a +4 ring of protection
 E - an amulet of magic regeneration
Wands
 p - a wand of acid (9)
 v - a wand of flame (38)
 w - a wand of mindburst (19)
 x - a wand of polymorph (9)
Scrolls
 d - a scroll of holy word {unknown}
 g - 3 scrolls of immolation {unknown}
 i - 2 scrolls of enchant armour {unknown}
 k - 2 scrolls of teleportation
 m - 3 scrolls of magic mapping {unknown}
 o - 5 scrolls of identify {unknown}
 y - a scroll of amnesia {unknown}
Potions
 b - a potion of degeneration {unknown}
 c - a potion of ambrosia {unknown}
 e - 3 potions of flight {unknown}
 f - 3 potions of lignification {unknown}
 h - 2 potions of curing
 j - 2 potions of brilliance {unknown}
 l - a potion of haste {unknown}
 z - a potion of magic {unknown}
 A - a potion of invisibility {unknown}
 C - a potion of mutation {unknown}
 D - a potion of attraction {unknown}


   Skills:
 + Level 6.7 Fighting
 + Level 7.1 Dodging
 - Level 2.6 Stealth
 + Level 6.6 Spellcasting
 * Level 10.6 Conjurations


You had 17 spell levels left.
You knew the following spells:

 Your Spells              Type           Power      Damage    Failure   Level
a - Magic Dart            Conj           100%       1d8       1%          1
b - Iskenderun's Mystic   Conj/Tloc      36%        2d9       8%          4

Your spell library contained the following spells:

 Spells                   Type           Power      Damage    Failure   Level
 Searing Ray              Conj           100%       2d8       1%          2
 Dazzling Flash           Conj/Hex       72%        N/A       2%          3
 Stone Arrow              Conj/Erth      72%        3d11      2%          3
 Sandblast                Erth           16%        2d6       7%          1
 Slow                     Hex            32%        N/A       7%          1
 Flame Wave               Conj/Fire      36%        2d7       8%          4
 Fulminant Prism          Conj/Hex       18%        3d11      8%          4
 Passwall                 Tmut/Erth      6%         N/A       10%         2
 Scorch                   Fire           16%        2d5       10%         2
 Sublimation of Blood     Necr           8%         N/A       10%         2
 Wereblood                Tmut           8%         N/A       10%         2
 Confusing Touch          Hex            8%         N/A       21%         3
 Gell's Gravitas          Tloc           8%         N/A       21%         3
 Lesser Beckoning         Tloc           8%         N/A       21%         3
 Ozocubu's Armour         Ice            8%         N/A       21%         3
 Teleport Other           Tloc           8%         N/A       21%         3
 Vampiric Draining        Necr           8%         2d6       21%         3
 Petrify                  Tmut/Erth      8%         N/A       54%         4
 Metabolic Englaciation   Hex/Ice        4%         N/A       88%         5
 Statue Form              Tmut/Erth      5%         N/A       100%        6
 Summon Cactus Giant      Summ           4%         N/A       100%        6
 Ozocubu's Refrigeration  Ice            4%         4d5       100%        7
 Summon Hydra             Summ           4%         N/A       100%        7


Dungeon Overview and Level Annotations

Branches:
Dungeon (9/15)             Temple (1/1) D:4             Orc (0/2) D:9
   Lair: D:8-11

Altars:
Ashenzari
Dithmenos
Elyvilon
Fedhas
Gozag
Hepliaklqana
Kikubaaqudgha
Makhleb
Nemelex Xobeh
Okawaru
Qazlal
Ru
Sif Muna
Trog
Uskayaw
Vehumet
Wu Jian
Yredelemnul
Zin
The Shining One

Shops:
D:3 ?   D:4 !   D:7 (=


Innate Abilities, Weirdness & Mutations

Your life essence is reduced to manifest your ancestor. (-10% HP)
You cannot wear most types of armour.
You are amphibious.
You can wear up to eight rings at the same time.
Your skin changes colour to match your surroundings (Stealth+).
Your rubbery body absorbs attacks. (AC +1, EV +1)
((You are camouflaged when in or above water. (Stealth+)))
You have tentacles for arms and can constrict up to eight enemies at once.


Message History

Aim: an orc warrior, wielding a +1 halberd of venom and wearing a +0 chain mail (heavily wounded, ally target, 100% to hit)
The magic dart hits the orc warrior but does no damage.
The orc warrior is heavily wounded.
You feel very sick.
Nozipho hits the orc warrior.
Casting: Magic Dart (safe; 1% risk of failure)
Confirm with . or Enter, or press ? or * to list all spells.
Aiming: Magic Dart (safe; 1% risk of failure)
Press: ? - help, Shift-Dir - straight line, f/p - orc warrior
Aim: an orc warrior, wielding a +1 halberd of venom and wearing a +0 chain mail (severely wounded, ally target, 100% to hit)
The magic dart hits the orc warrior but does no damage.
The orc warrior is severely wounded.
You feel very sick.
Nozipho completely misses the orc warrior.
Casting: Magic Dart (safe; 1% risk of failure)
Confirm with . or Enter, or press ? or * to list all spells.
You erupt in a blast of force!
The mystic blast hits the orc warrior!
The orc warrior is almost dead.
The orc warrior is knocked back by the mystic blast.
You feel very sick.
Nozipho hits the orc warrior but does no damage.
Unknown command.
Casting: Iskenderun's Mystic Blast (dangerous; 8% risk of failure)
Confirm with . or Enter, or press ? or * to list all spells.
Aiming: Magic Dart (safe; 1% risk of failure)
Press: ? - help, Shift-Dir - straight line, f/p - orc warrior
Aim: an orc warrior, wielding a +1 halberd of venom and wearing a +0 chain mail (almost dead, ally target, 100% to hit)
The magic dart hits the orc warrior but does no damage.
The orc warrior is almost dead.
You feel sick.
Nozipho hits the orc warrior.
The orc warrior dies!
Unknown command.
You feel sick.
You feel sick.
You feel sick.
You feel sick.
You feel sick.
The orc priest calls down the wrath of Beogh upon you.
Beogh smites you!
You die...

#.........#)..........≈≈
#..........o#.........≈≈
#..........##........≈≈≈
#.....)....##.o.......≈.
#....>.....##...........
##.....)R..####.......###
#..........# ##......#
#.......(..# ####.###
#.......@..# #.#
#..........# #.#
.............# #.##
..........#### #..# #
............## ###..# ##
.........}...# #....###.
.............## #........
..>...........# ##....#..
............######.....##


You could see the friendly Nozipho the ancestor and an orc priest.

Vanquished Creatures
  A two-headed ogre (D:9)
  A troll (D:8)
  Grinder (D:4)
  Sigmund (D:4)
  Edmund (D:4)
  Duvessa (D:7)
  2 water moccasins (D:5)
  4 orc warriors
  2 necrophages (D:6)
  2 sky beasts
  2 ogres
  A phantom (D:4)
  A centaur (D:7)
  A kobold brigand (D:8)
  5 bullfrogs
  A scorpion (D:4)
  A wyvern skeleton (D:6)
  A water moccasin skeleton (D:7)
  Dowan (D:7)
  2 wights
  3 howler monkeys
  A bullfrog zombie (D:6)
  A centaur zombie (D:9)
  3 jellies (D:6)
  3 orc priests
  A gnoll shaman (D:4)
  2 hounds
  Crazy Yiuf (D:5)
  5 iguanas
  2 orc wizards
  2 mummies (D:9)
  2 howler monkey zombies
  Robin (D:3)
  A howler monkey skeleton (D:7)
  12 gnolls
  6 adders
  2 shadow imps
  An ufetubus (D:4)
  An adder zombie (D:7)
  A worm (D:2)
  A dart slug (D:3)
  33 orcs
  7 bats
  6 endoplasms
  9 giant cockroaches
  16 goblins
  10 hobgoblins
  5 jackals (D:1)
  10 kobolds
  6 quokkas
  5 ball pythons (D:2)
  3 frilled lizards
  12 rats
206 creatures vanquished.

Vanquished Creatures (collateral kills)
  Maurice (D:8)
  3 orc warriors
  4 wights (D:9)
  2 howler monkeys
  A mummy (D:9)
  5 orcs
  2 kobolds (D:8)
18 creatures vanquished.

Vanquished Creatures (others)
  5 ancestors
  A plant (D:8)
  A withered plant (D:9)
7 creatures vanquished.

Grand Total: 231 creatures vanquished

Notes
Turn   | Place    | Note
-------+----------+-------------------------------------------
     0 | D:1      | sbbq2022 the Octopode Conjurer began the quest for the Orb.
     0 | D:1      | Reached XP level 1. HP: 11/11 MP: 3/3
   286 | D:1      | Reached XP level 2. HP: 18/18 MP: 1/5
   727 | D:1      | Reached XP level 3. HP: 14/22 MP: 0/6
   909 | D:1      | Reached skill level 1 in Fighting
  1249 | D:2      | Found a faded altar of an unknown god.
  1471 | D:2      | Reached XP level 4. HP: 15/28 MP: 3/7
  1481 | D:2      | HP: 2/42 [poisoned by an adder]
  2624 | D:2      | Reached XP level 5. HP: 34/34 MP: 9/9
  2796 | D:3      | Noticed Robin
  2807 | D:2      | Reached skill level 5 in Conjurations
  3328 | D:3      | Killed Robin
  3993 | D:3      | Found Uveufoarch's Magic Scroll Emporium.
  4001 | D:3      | Bought a scroll of teleportation for 30 gold pieces
  4001 | D:3      | Bought a scroll of teleportation for 30 gold pieces
  4233 | D:3      | Found a faded altar of an unknown god.
  4237 | D:3      | Found a radiant altar of Vehumet.
  4536 | D:4      | Noticed Sigmund
  4536 | D:4      | Noticed a phantom
  4536 | D:4      | Noticed Edmund
  4710 | D:4      | Reached XP level 6. HP: 40/40 MP: 4/10
  5312 | D:4      | Found Cugooje's Distillery.
  5317 | D:4      | Bought a potion of curing for 36 gold pieces
  5411 | D:4      | Killed Sigmund
  5412 | D:4      | Reached skill level 6 in Conjurations
  5412 | D:4      | Reached XP level 7. HP: 35/46 MP: 3/12
  5751 | D:4      | Found a staircase to the Ecumenical Temple.
  5771 | Temple   | Entered the Ecumenical Temple
  5866 | Temple   | Became a worshipper of Hepliaklqana the Forgotten
  6280 | D:4      | Killed Edmund
  6519 | D:4      | Noticed Grinder
  6530 | D:4      | Killed Grinder
  6531 | D:4      | Reached XP level 8. HP: 54/54 MP: 12/14
  6616 | D:5      | Entered Level 5 of the Dungeon
  6649 | D:4      | Reached skill level 7 in Conjurations
  7006 | D:5      | Found a stormy altar of Qazlal.
  7016 | D:5      | Found an iron altar of Okawaru.
  7762 | D:5      | Found a runed translucent door.
  7763 | D:5      | Noticed Crazy Yiuf
  8171 | D:4      | Learned a level 4 spell: Iskenderun's Mystic Blast
  8704 | D:5      | Killed Crazy Yiuf
  9014 | D:6      | Identified the +2 leather armour "Diplef" {Slay+2}
  9157 | D:6      | Noticed a troll
  9230 | D:5      | Reached skill level 5 in Dodging
  9230 | D:5      | Reached skill level 8 in Conjurations
  9713 | D:6      | Reached skill level 5 in Spellcasting
  9713 | D:6      | Reached XP level 9. HP: 20/59 MP: 1/16
 10063 | D:6      | Reached skill level 5 in Fighting
 10426 | D:7      | Found Kureterph's Weapon Boutique.
 10472 | D:7      | Found Kergheore's Jewellery Shoppe.
 10537 | D:7      | Noticed Duvessa
 10538 | D:7      | Noticed Dowan
 10559 | D:7      | Killed Duvessa
 10793 | D:7      | Killed Dowan
 11005 | D:7      | Found an ancient bone altar of Kikubaaqudgha.
 11060 | D:7      | Reached skill level 9 in Conjurations
 11206 | D:7      | Reached * piety under Hepliaklqana
 11978 | D:8      | Noticed a troll
 12073 | D:8      | Noticed Maurice
 12094 | D:8      | Killed Maurice
 12646 | D:8      | Found a broken altar of Ashenzari.
 12650 | D:8      | Saw a vision of the Swamp and the Spider Nest.
 12650 | D:8      | Noticed a wolf spider
 12650 | D:8      | Noticed a goliath frog
 12650 | D:8      | Noticed a wolf spider
 12651 | D:8      | Noticed a will-o-the-wisp
 12748 | D:8      | Reached XP level 10. HP: 20/61 MP: 10/19
 13312 | D:8      | Reached skill level 10 in Conjurations
 13352 | D:8      | HP: 3/61 [troll (12)]
 13371 | D:8      | HP: 2/61 [poisoned by a kobold]
 14008 | D:9      | Found a staircase to the Orcish Mines.
 14308 | D:9      | Found an opulent altar of Gozag.
 14318 | D:9      | Noticed a two-headed ogre
 14352 | D:9      | Killed a two-headed ogre
 14484 | D:9      | Identified the +3 ring mail "Leleci Kihai" {rC++ Will+
                  | Str+6}
 14485 | D:9      | Reached ** piety under Hepliaklqana
 15534 | D:9      | Killed from afar by an orc priest

Illustrated notes

Levels and vault maps discovered:
D:1:      matt_arrival_spirals, layout_rooms
D:2:      minmay_skewed_foursquare, layout_loops_ring,
          nicolae_ecumenical_snake_handling
D:3:      layout_rooms, nicolae_overflow_ecumenical_swirl, serial_shops, shop,
          uniq_robin
D:4:      layout_basic, temple_fountains, serial_shops,
          nicolae_shop_hallway_stairs, grunt_decor_cap, uniq_sigmund,
          uniq_grinder, uniq_edmund
D:5:      layout_loops_ring, okawaru_gym_becter, lemuel_crystal_altar,
          uniq_crazy_yiuf_cottage
D:6:      layout_rooms, minmay_chambers_of_fives
D:7:      layout_loops_ring, mainiacjoe_overflow_catwalk, serial_shops, shop,
          minmay_shop_enchanted_jewellery, uniq_duvessa
D:8:      layout_cave_pods, grunt_ashenzari_visionary
          [grunt_ashenzari_visionary_swamp, grunt_ashenzari_visionary_spider],
          special_room [special_room_orc], minmay_misc_feat_nine_boxes,
          uniq_maurice
D:9:      layout_cave_pods, kennysheep_slug_shrine,
          mainiacjoe_overflow_concentric_impassable,
          mainiacjoe_overflow_six_doors_small, david_orc_3, serial_undead,
          serial_undead_b, serial_undead_d, serial_undead_f, serial_undead_e
Temple:   zaba_magenta_temple

Skill      XL: |  1  2  3  4  5  6  7  8  9 10 |
---------------+-------------------------------+-----
Fighting       | 1 2 3 4 6 |  6.7
Conjurations   | 5 6 8 9 10 | 10.6
Dodging        | 3 4 5 6 7 |  7.1
Spellcasting   | 3 4 5 6 |  6.6
Stealth        | |  2.6

Action                   |  1- 3 |  4- 6 |  7- 9 | 10-12 || total
-------------------------+-------+-------+-------+-------++-------
Melee: Dagger            |    70 |   176 |    42 |       ||   288
       Constrict         |    14 |    45 |    41 |    28 ||   128
       Tentacles         |    12 |    45 |    70 |    32 ||   159
       Punch             |       |     5 |     6 |       ||    11
       Spear             |       |       |   166 |   128 ||   294
       Unarmed           |       |       |     2 |       ||     2
 Cast: Magic Dart        |    44 |    64 |   143 |    30 ||   281
       Iskenderun's Myst |       |       |    18 |    13 ||    31
Evoke: Wand              |       |       |       |     1 ||     1
  Use: Potion            |       |     2 |       |     1 ||     3
 Stab: Sleeping          |     4 |     9 |     9 |     1 ||    23
       Distracted        |       |       |       |     1 ||     1
Armor: Skin              |     7 |     7 |    14 |     5 ||    33
Dodge: Dodged            |    45 |   105 |   129 |    69 ||   348
Block: Other             |       |       |    14 |    21 ||    35
       Reflection        |       |       |     1 |     2 ||     3

Table legend: (Time is in decaauts)
 A = Elapsed time spent in this place.
 B = Non-inter-level travel time spent in this place.
 C = Inter-level travel time spent in this place.
 D = Time resting spent in this place.
 E = Time spent auto-exploring this place.
 F = Levels seen in this place.
 G = Mean time per level.
                   A        B        C        D        E       F      G
               +--------+--------+--------+--------+--------+-----+--------+
         Total |  15506 |  14751 |    755 |   4294 |   7921 |  10 | 1550.6 |
       Dungeon |  15407 |  14655 |    752 |   4294 |   7871 |   9 | 1711.9 |
        Temple |     99 |     96 |      3 |      0 |     50 |   1 |   99.0 |
               +--------+--------+--------+--------+--------+-----+--------+

Top non-repeatable levels by time:
     D:8: 2582 daAuts
     D:4: 2554 daAuts
     D:5: 2265 daAuts
     D:2: 2136 daAuts
     D:7: 1538 daAuts
     D:1: 1407 daAuts
     D:6: 1143 daAuts
     D:3: 941 daAuts
     D:9: 838 daAuts
  Temple: 99 daAuts
